 Dungeon Crawl Stone Soup version 0.16.0-16-g311141a (webtiles) character file.

11647 Palladion the Thaumaturge (level 11, 0/68 HPs)
             Began as a Demonspawn Venom Mage on Mar 19, 2015.
             Was an Elder of Dithmenos.
             Slain by a komodo dragon (20 damage)
             ... summoned by the player character
             ... on level 12 of the Dungeon.
             The game lasted 01:02:24 (13533 turns).

Palladion the Thaumaturge (Demonspawn Venom Mage)  Turns: 13533, Time: 01:02:27

Health: 0/68       AC:  8    Str:  8      XL:     11   Next: 52%
Magic:  13/29      EV: 12    Int: 18 (19) God:    Dithmenos [****..]
Gold:   331        SH:  3    Dex: 13 (15) Spells: 6 memorised, 8 levels left

rFire  . . .     SeeInvis +     M - staff of wizardry
rCold  + . .     Clarity  .     J - +2 robe {rN+}
rNeg   + . .     SustAb   .     (no shield)
rPois  .         Gourm    .     (helmet restricted)
rElec  .         Spirit   .     e - +1 cloak
rCorr  +         Warding  .     (no gloves)
rMut   .         Stasis   .     (no boots)
MR     +....                    o - amulet of resist corrosion
Stlth  +.........               i - ring of see invisible
                                E - ring of protection from magic

@: lethally poisoned (0 -> -1), liquid flames, very slightly contaminated,
glowing, somewhat resistant to hostile enchantments, very unstealthy
A: hooves 2, horns 2, large bone plates 2, cold resistance 1, deformed body,
deterioration 1, powered by death 1, regeneration 1, spiny 1
a: Shadow Step, Renounce Religion


You were on level 12 of the Dungeon.
You worshipped Dithmenos.
Dithmenos was greatly pleased with you.
You were not hungry.

You visited 2 branches of the dungeon, and saw 13 of its levels.

You collected 593 gold pieces.
You spent 262 gold pieces at shops.

Inventory:

Hand weapons
 u - a +0 trident
 z - a +0 dagger of distortion
Missiles
 t - 8 needles of paralysis
 F - 5 curare-tipped needles
Armour
 e - a +1 cloak (worn)
 w - a troll hide
 J - a +2 robe of positive energy (worn)
 K - a +0 leather armour of poison resistance
 L - a +0 shield
Magical staves
 p - a cursed staff of cold
 M - an uncursed staff of wizardry (weapon)
Jewellery
 i - a ring of see invisible (right hand)
 m - an uncursed ring of sustain abilities
 o - an amulet of resist corrosion (around neck)
 E - a ring of protection from magic (left hand)
Magical devices
 d - a wand of enslavement (17)
 r - a wand of slowing (18)
 x - a wand of slowing (39)
 y - a wand of magic darts (21)
 A - a wand of confusion (10)
 I - a wand of lightning (9)
 N - a wand of cold (7)
Scrolls
 k - 7 scrolls of remove curse
 l - a scroll of random uselessness {unknown}
 n - a scroll of amnesia
 C - 6 scrolls of identify
 D - 3 scrolls of enchant armour
Potions
 a - a potion of restore abilities
 f - a potion of agility
 j - a potion of heal wounds
 q - a potion of flight
 s - 3 potions of haste
 G - a potion of berserk rage
Books
 b - a Young Poisoner's Handbook

   Spells                             Type                      Level
   a - Sting                          Conjuration/Poison           1
   b - Cure Poison                    Poison                       2
   c - Mephitic Cloud                 Conjuration/Poison/Air       3
   d - Olgreb's Toxic Radiance        Poison                       4
   e - Venom Bolt                     Conjuration/Poison           5
 v - a book of the Earth

   Spells                             Type                      Level
   a - Leda's Liquefaction            Hexes/Earth                  4
   b - Bolt of Magma                  Conjuration/Fire/Earth       5
   c - Statue Form                    Transmutation/Earth          6
   d - Iron Shot                      Conjuration/Earth            6
   e - Shatter                        Earth                        9
 B - a book of Annihilations {highlevel, unknown}

   This book is beyond your current level of understanding.

   Spells                             Type                      Level
   a - Poison Arrow                   Conjuration/Poison           6
   b - Chain Lightning                Conjuration/Air              8
   c - Lehudib's Crystal Spear        Conjuration/Earth            8
   d - Glaciate                       Conjuration/Ice              9
   e - Fire Storm                     Conjuration/Fire             9
 H - a book of Summonings

   Spells                             Type                      Level
   a - Abjuration                     Summoning                    3
   b - Recall                         Summoning/Translocation      3
   c - Shadow Creatures               Summoning                    5
   d - Summon Demon                   Summoning                    5
   e - Summon Forest                  Summoning/Translocation      5
   f - Monstrous Menagerie            Summoning                    6
Comestibles
 c - 13 bread rations
 g - 2 meat rations
 h - 4 royal jellies


   Skills:
 - Level 2.0 Dodging
 + Level 4.5 Stealth
 + Level 3.6 Shields
 + Level 10.3 Spellcasting
 + Level 2.6 Conjurations
 - Level 5.0 Hexes
 - Level 5.0 Summonings
 + Level 5.6 Earth Magic
 - Level 10.0 Poison Magic


You had 8 spell levels left.
You knew the following spells:

 Your Spells              Type           Power        Failure   Level  Hunger
a - Sting                 Conj/Pois      ####         1%          1    None
b - Olgreb's Toxic Radia  Pois           #####...     1%          4    ###....
c - Cure Poison           Pois           #####.....   1%          2    None
d - Leda's Liquefaction   Hex/Erth       ####......   4%          4    ###....
e - Shadow Creatures      Summ           N/A          12%         5    #####..
f - Iron Shot             Conj/Erth      ###.......   89%         6    ######.


Dungeon Overview and Level Annotations

Branches:
Dungeon (12/15)            Temple (1/1) D:6            Lair (0/8) D:9
    Orc (0/4) D:12

Altars:
Ashenzari
Cheibriados
Dithmenos
Elyvilon
Fedhas
Gozag
Kikubaaqudgha
Makhleb
Nemelex Xobeh
Okawaru
Qazlal
Ru
Sif Muna
Trog
Vehumet
Xom
Yredelemnul
Zin
The Shining One

Shops:
D:5 !*   D:10 %

Annotations:
D:7 4 runed doors, axaxaxas' ghost, experienced DgFi


Innate Abilities, Weirdness & Mutations

You have hoof-like feet.
You are mostly covered in large bone plates (AC +3, SH +3).
You can steal the life force of nearby defeated enemies.
You are partially covered in sharp spines.
You have a pair of horns on your head.
Your flesh is cold resistant.
Armour fits poorly on your strangely shaped body.
Your body is slowly deteriorating.
Your natural rate of healing is unusually fast.


Message History

You feel sick.
The mottled dragon breathes sticky fire at you.
The sticky flame misses you. The komodo dragon closely misses you.
You feel sick. The komodo dragon bites you! What do you say? t - Shout!
Orders for allies: a - Attack new target. r - Retreat! s - Stop attacking. w - Wait here. f - Follow me.
Anything else - Stay silent.
Gang up on whom?
Press: ? - help, Dir - move target cursor, f - komodo dragon
Aim: a komodo dragon (lightly wounded, poisoned, summoned, umbra) Attack!
You feel sick.
The mottled dragon breathes sticky fire at you.
The sticky flame hits you!
You are covered in liquid flames!
* * * LOW HITPOINT WARNING * * *
The komodo dragon bites you!!
You die...

. .# ### ###.#####.### ...
............ #.#
#..........# #.#
#..........# #.#
#..........# #.#
#..........# #.#
#......@...# #.#
#......l...#####..
####.#####.......=D.......#
..........................#
####.#####................
#.# #..............$. #.#
#................ #.#
#..:............ ####.#
#..............


You could see a komodo dragon and a mottled dragon.

Vanquished Creatures
  3 unseen horrors
  An ugly thing (D:11)
  Psyche (D:9)
  A komodo dragon (D:9)
  2 trolls (D:11)
  Prince Ribbit (D:7)
  A slime creature (D:8)
  A spriggan (D:8)
  A hungry ghost (D:10)
  Eustachio (D:7)
  A steam dragon (D:9)
  10 yaks
  A soldier ant (D:11)
  A water moccasin (D:6)
  An orc warrior (D:8)
  A hippogriff (D:9)
  2 black bears (D:6)
  3 ice beasts
  5 ogres
  3 sky beasts
  A wasp (D:10)
  7 centaurs
  An eye of draining (D:9)
  Sigmund (D:4)
  Blork the orc (D:9)
  10 giant frogs
  A gnoll sergeant (D:9)
  2 big kobolds (D:10)
  7 scorpions
  A wyvern zombie (D:6)
  5 killer bees (D:7)
  3 goliath beetles
  4 crimson imps
  4 orc priests
  2 giant frog zombies
  A jelly (D:9)
  Crazy Yiuf (D:4)
  6 iguanas
  3 quasits
  2 centaur skeletons
  3 orc wizards
  5 hounds
  6 worker ants
  2 hound zombies
  2 hound skeletons
  A worker ant zombie (D:5)
  A river rat (D:7)
  14 adders
  11 gnolls
  3 shadow imps
  A giant mite (D:1)
  2 worms
  2 adder zombies
  9 giant geckos
  An ooze (D:6)
  44 orcs
  16 bats
  4 bat skeletons
  6 giant cockroaches
  10 goblins
  16 hobgoblins
  3 quokkas
  2 ball pythons
  3 giant newts
  2 jackals (D:4)
  34 kobolds
  A quokka skeleton (D:4)
  15 rats
  3 ballistomycetes (D:9)
326 creatures vanquished.

Vanquished Creatures (collateral kills)
  An ugly thing (D:11)
  A cyclops (D:11)
  A slime creature (D:11)
  A wyvern (D:11)
  2 wraiths (D:11)
  A black bear (D:10)
  3 necrophages (D:10)
  A wyvern zombie (D:10)
  A scorpion (D:9)
  A crimson imp (D:9)
  A hound (D:10)
  A mummy (D:11)
  An orc (D:11)
  A kobold (D:9)
  A ballistomycete (D:9)
18 creatures vanquished.

Vanquished Creatures (others)
  A wizard (D:8)
  An ogre (D:6)
  A centaur (D:11)
  A giant frog (D:10)
  3 killer bees (D:11)
  A bat (D:10)
  2 hobgoblins
  2 jackals
  A giant spore (D:9)
  A rat (D:6)
14 creatures vanquished.

Grand Total: 358 creatures vanquished

Notes
Turn   | Place    | Note
--------------------------------------------------------------
     0 | D:1      | Palladion, the Demonspawn Venom Mage, began the quest for the Orb.
     0 | D:1      | Reached XP level 1. HP: 13/13 MP: 3/3
   367 | D:1      | Gained mutation: You are partially covered in sharp spines. [demonic ancestry]
   367 | D:1      | Reached XP level 2. HP: 19/19 MP: 0/5
   555 | D:1      | Found a sparkling altar of Nemelex Xobeh.
   572 | D:1      | Reached XP level 3. HP: 24/24 MP: 3/6
  1503 | D:2      | Gained mutation: You are partially covered in large bone plates (AC +2, SH +2). [demonic ancestry]
  1503 | D:2      | Reached XP level 4. HP: 22/30 MP: 3/9
  1525 | D:2      | Learned a level 4 spell: Olgreb's Toxic Radiance
  1528 | D:2      | Learned a level 2 spell: Cure Poison
  1676 | D:2      | Reached skill level 5 in Poison Magic
  1985 | D:3      | Found a shadowy altar of Dithmenos.
  2010 | D:3      | Became a worshipper of Dithmenos the Shadowed
  2052 | D:3      | Reached XP level 5. HP: 28/35 MP: 8/11
  2101 | D:3      | Found an ancient bone altar of Kikubaaqudgha.
  2335 | D:4      | Noticed Crazy Yiuf
  2349 | D:4      | Killed Crazy Yiuf
  2453 | D:4      | Found an iron altar of Okawaru.
  2520 | D:4      | Gained mutation: You are mostly covered in large bone plates (AC +3, SH +3). [demonic ancestry]
  2520 | D:4      | Reached XP level 6. HP: 22/41 MP: 6/15
  2531 | D:4      | Noticed an ogre
  2538 | D:4      | Reached skill level 6 in Poison Magic
  2539 | D:4      | Killed an ogre
  2775 | D:4      | Noticed Sigmund
  2786 | D:4      | Killed Sigmund
  2786 | D:4      | Reached skill level 5 in Spellcasting
  2786 | D:4      | Reached XP level 7. HP: 29/46 MP: 1/18
  3032 | D:4      | Noticed an ogre
  3043 | D:4      | Killed an ogre
  3207 | D:4      | Reached skill level 7 in Poison Magic
  3653 | D:5      | Entered Level 5 of the Dungeon
  3983 | D:5      | Found Deloedue's Assorted Antiques.
  3994 | D:5      | Bought a viscous silvery potion for 16 gold pieces
  3994 | D:5      | Bought a scroll labeled BUP URAEDGHIG for 18 gold pieces
  3994 | D:5      | Bought a fluorescent wand for 72 gold pieces
  3994 | D:5      | Bought a glowing robe for 12 gold pieces
  3994 | D:5      | Bought a wooden wand for 72 gold pieces
  3994 | D:5      | Bought a short brass wand for 72 gold pieces
  4085 | D:5      | Found Biarigoffo's Distillery.
  4261 | D:5      | Acquired Dithmenos' first power
  4293 | D:5      | Reached XP level 8. HP: 20/52 MP: 18/22
  4616 | D:5      | Found a shimmering altar of Xom.
  5006 | D:6      | Reached skill level 8 in Poison Magic
  5216 | D:6      | Found a shattered altar of Ashenzari.
  5686 | D:6      | Found a staircase to the Ecumenical Temple.
  5706 | Temple   | Entered the Ecumenical Temple
  5879 | Temple   | Gained mutation: Your flesh is cold resistant. [potion of beneficial mutation]
  5911 | Temple   | Learned a level 4 spell: Leda's Liquefaction
  5935 | D:6      | Found a shimmering altar of Xom.
  6022 | D:6      | Reached skill level 9 in Poison Magic
  6154 | D:6      | Gained mutation: You have large cloven feet. [demonic ancestry]
  6154 | D:6      | Reached XP level 9. HP: 57/57 MP: 25/25
  6275 | D:7      | Noticed Eustachio
  6288 | D:7      | Killed Eustachio
  6330 | D:7      | Found a white marble altar of Elyvilon.
  6359 | D:7      | Noticed Prince Ribbit
  6368 | D:7      | Killed Prince Ribbit
  6434 | D:7      | Noticed axaxaxas' ghost (experienced DgFi)
  6486 | D:7      | Found a huge runed gate.
  6486 | D:7      | Found a huge runed gate.
  6486 | D:7      | Found a huge runed gate.
  6486 | D:7      | Found a huge runed gate.
  6486 | D:7      | Noticed a death yak
  6487 | D:7      | Noticed a griffon
  6487 | D:7      | Noticed a griffon
  6523 | D:7      | Found a glowing golden altar of the Shining One.
  6531 | D:7      | Found a bloodstained altar of Trog.
  6570 | D:7      | Found a sacrificial altar of Ru.
  6607 | D:7      | Acquired Dithmenos' second power
  6609 | D:7      | Reached skill level 10 in Poison Magic
  6690 | D:7      | Reached skill level 1 in Hexes
  7127 | D:8      | Reached skill level 1 in Earth Magic
  7152 | D:8      | Learned a level 5 spell: Shadow Creatures
  7262 | D:8      | Found a basalt altar of Yredelemnul.
  7352 | D:8      | Reached skill level 1 in Summonings
  7584 | D:8      | Noticed an unseen horror
  7596 | D:8      | Killed an unseen horror
  7763 | D:8      | HP: 2/57 [giant frog zombie (5)]
  8115 | D:8      | Found a deep blue altar of Sif Muna.
  8179 | D:8      | Gained mutation: You have hoof-like feet. [demonic ancestry]
  8179 | D:8      | Reached XP level 10. HP: 25/63 MP: 27/27
  8423 | D:8      | Found a bloodstained altar of Trog.
  9125 | D:8      | Noticed a wizard
  9130 | D:8      | Killed a wizard
  9450 | D:9      | Noticed Psyche
  9460 | D:9      | Killed Psyche
  9564 | D:9      | Gained mutation: You have a pair of small horns on your head. [mutagenic meat]
  9565 | D:9      | Gained mutation: Your natural rate of healing is unusually fast. [mutagenic meat]
  9798 | D:9      | Noticed Blork the orc
  9820 | D:9      | Killed Blork the orc
 10121 | D:9      | Acquired Dithmenos' third power
 10252 | D:9      | Reached skill level 1 in Shields
 10484 | D:9      | Found a staircase to the Lair.
 10600 | D:9      | Reached skill level 5 in Hexes
 10631 | D:10     | Entered Level 10 of the Dungeon
 10842 | D:10     | Noticed a hill giant
 11152 | D:10     | Found Vankauru's Food Boutique.
 11370 | D:10     | Gained mutation: You can steal the life force of nearby defeated enemies. [demonic ancestry]
 11370 | D:10     | Reached XP level 11. HP: 68/68 MP: 14/29
 11600 | D:11     | Learned a level 6 spell: Iron Shot
 11638 | D:11     | Reached skill level 10 in Spellcasting
 11638 | D:11     | Reached skill level 5 in Summonings
 12182 | D:11     | Noticed an unseen horror
 12188 | D:11     | Reached skill level 1 in Conjurations
 12188 | D:11     | Reached skill level 5 in Earth Magic
 12191 | D:11     | Killed an unseen horror
 12235 | D:11     | Noticed an unseen horror
 12245 | D:11     | Killed an unseen horror
 12671 | D:11     | Gained mutation: You have a pair of horns on your head. [mutagenic meat]
 12672 | D:11     | Gained mutation: Your body is slowly deteriorating. [mutagenic meat]
 12673 | D:11     | Gained mutation: Armour fits poorly on your strangely shaped body. [mutagenic meat]
 13269 | D:12     | Found a staircase to the Orcish Mines.
 13533 | D:12     | Slain by a komodo dragon

Action                   |  1- 3 |  4- 6 |  7- 9 | 10-12 || total
-------------------------+-------+-------+-------+-------++-------
Melee: Unarmed           |    29 |       |       |       ||    29
       Spear             |    17 |    72 |   150 |       ||   239
       Trident           |       |       |   175 |    81 ||   256
       Staff             |       |       |       |   182 ||   182
 Cast: Sting             |    48 |    45 |    47 |    78 ||   218
       Cure Poison       |       |     4 |    23 |    30 ||    57
       Olgreb's Toxic Ra |       |     6 |    36 |    58 ||   100
       Shadow Creatures  |       |       |       |    31 ||    31
       Leda's Liquefacti |       |       |       |     1 ||     1
Evoke: Wand              |       |       |    12 |       ||    12
  Use: Scroll            |     5 |     1 |     4 |     2 ||    12
       Potion            |     1 |       |    11 |     6 ||    18
 Stab: Sleeping          |     1 |     1 |    13 |     6 ||    21
       Distracted        |       |       |     3 |     2 ||     5
       Confused          |       |       |     3 |       ||     3
  Eat: Chunk             |     2 |     5 |    22 |    26 ||    55
       Fruit             |       |       |       |     5 ||     5
       Beef jerky        |       |       |       |     1 ||     1
       Meat ration       |       |       |       |     1 ||     1
